 Dungeon Crawl Stone Soup version 0.26-a0-30-g56b8cd3df0 (webtiles) character file.

Game seed: 11344912337513230514, levelgen mode: deterministic

165 gruber the Chopper (level 5, -10/45 HPs)
             Began as a Hill Orc Fighter on June 2, 2020.
             Killed by divine providence
             ... invoked by an orc priest
              (13 damage)
             ... on level 3 of the Dungeon.
             The game lasted 00:02:08 (2092 turns).

gruber the Chopper (Hill Orc Fighter)               Turns: 2092, Time: 00:02:08

Health: -10/45     AC:  9    Str: 20    XL:     5   Next: 46%
Magic:  5/5        EV:  7    Int:  8    God:
Gold:   77         SH:  9    Dex: 10    Spells: 4/4 levels left

rFire    . . .     SeeInvis .   y - +3 flail
rCold    . . .     Gourm    .   c - +0 kite shield
rNeg     . . .     Faith    .   b - +0 scale mail
rPois    .         Spirit   .   e - +0 helmet
rElec    .         Reflect  .   g - +0 cloak
rCorr    .         Harm     .   (no gloves)
MR       .....                  (no boots)
Stlth    ..........             (no amulet)
HPRegen  0.15/turn              (no ring)
MPRegen  0.09/turn              (no ring)

@: no status effects
A: no striking features
a: Convert to Beogh


You were on level 3 of the Dungeon.
You were not hungry.

You visited 1 branch of the dungeon, and saw 3 of its levels.

You collected 77 gold pieces.

Inventory:

Hand Weapons
 a - a +0 war axe
 y - a +3 flail (weapon)
Missiles
 r - 27 poisoned darts (quivered)
Armour
 b - a +0 scale mail (worn)
 c - a +0 kite shield (worn)
 e - a +0 helmet (worn)
 g - a +0 cloak (worn)
Wands
 p - a wand of clouds (9)
Scrolls
 j - a scroll of enchant weapon {unknown}
 k - 4 scrolls of remove curse {unknown}
 n - a scroll of teleportation {unknown}
 o - 5 scrolls of identify {unknown}
 t - 2 scrolls of fear {unknown}
 u - a scroll of enchant armour {unknown}
 w - a scroll of blinking {unknown}
 z - a scroll of amnesia {unknown}
 A - a scroll of immolation {unknown}
 B - a scroll of fog {unknown}
Potions
 d - a potion of might
 h - a potion of heal wounds {unknown}
 i - 3 potions of curing
 l - a potion of lignification {unknown}
 m - a potion of haste
 q - 2 potions of stabbing {unknown}
 s - a potion of degeneration {unknown}
 v - a potion of berserk rage {unknown}
Comestibles
 f - 7 rations
 x - 4 chunks of flesh


   Skills:
 - Level 3.6 Fighting
 + Level 7.3 Axes
 - Level 3.2 Armour
 - Level 3.2 Shields


You had 4 spell levels left.
You didn't know any spells.
Your spell library was empty.

Dungeon Overview and Level Annotations

Branches:
Dungeon (3/15)

Altars:
Makhleb


Message History

You block the orc priest's attack.
You completely miss the orc priest.
The orc priest shouts, "Surrender to Beogh and we'll let you live!"
The orc priest is heavily wounded.
The orc priest hits you with a +3 dagger.
* * * LOW HITPOINT WARNING * * *
The orc priest hits you but does no damage.
You hit the orc priest.
The orc priest is almost dead.
The orc priest mumbles some strange prayers to Beogh against you.
Pain shoots through your body!
* * * LOW HITPOINT WARNING * * *
The orc priest mumbles some strange prayers to Beogh against you.
You barely resist. You barely miss the orc priest.
The orc priest is almost dead.
The orc priest hits you but does no damage.
The orc priest calls down the wrath of Beogh upon you.
Beogh smites you!
You die...

..... #...#......... .......
#.......<..## ......
#...........# >..o.
#...........# #####≈§#o#
#...........# ##⌠#⌠##§#(#
##..........# #≈≈≈≈≈#≈#.#
#..........# ##≈...≈#§#.###
##........##
#⌠≈...≈#≈..o@#####.........).
##≈._..'...................[#
#⌠≈...≈#≈....#####..........#
##≈§§.≈#§..#### #..........#
#≈≈≈≈≈#§.....# #..........#
##§#⌠##≈.....# ##........##
#####≈§.....# ##......##
#.........# ########
#.....[...#


You could see an orc priest (fast).

Vanquished Creatures
  Crazy Yiuf (D:2)
  Terence (D:3)
  Natasha (D:2)
  3 adders
  2 worms (D:2)
  2 leopard geckos
  3 orcs (D:3)
  5 bats
  3 giant cockroaches (D:2)
  7 hobgoblins
  5 kobolds
  2 ball pythons (D:2)
  A frilled lizard (D:2)
  9 goblins
  5 rats
50 creatures vanquished.

Notes
Turn   | Place    | Note
-------+----------+-------------------------------------------
     0 | D:1      | gruber the Hill Orc Fighter began the quest for the Orb.
     0 | D:1      | Reached XP level 1. HP: 19/19 MP: 1/1
    22 | D:1      | Reached skill level 3 in Axes
    51 | D:1      | Reached XP level 2. HP: 15/26 MP: 2/2
   282 | D:1      | Reached skill level 4 in Axes
   797 | D:2      | Reached XP level 3. HP: 30/31 MP: 3/3
   857 | D:2      | Reached skill level 5 in Axes
   924 | D:2      | Noticed Natasha
   936 | D:2      | Killed Natasha
   936 | D:2      | Reached XP level 4. HP: 29/39 MP: 4/4
  1190 | D:2      | Reached skill level 6 in Axes
  1247 | D:2      | Found a runed translucent door.
  1248 | D:2      | Noticed Crazy Yiuf
  1450 | D:2      | Killed Crazy Yiuf
  1812 | D:3      | Reached XP level 5. HP: 39/45 MP: 5/5
  1968 | D:3      | Noticed Terence
  1987 | D:3      | Killed Terence
  1987 | D:3      | Reached skill level 7 in Axes
  2062 | D:3      | Found a burning altar of Makhleb.
  2092 | D:3      | Killed from afar by an orc priest

Illustrated notes

Levels and vault maps discovered:
D:1:      dpeg_arrival_boxes_within_box, layout_basic, minmay_tetromino_i4
D:2:      layout_loops_ring, minmay_distorted, uniq_natasha,
          uniq_crazy_yiuf_cottage
D:3:      layout_rooms, lightli_temple_of_fire, first_ration, uniq_terence

Skill      XL: |  1  2  3  4  5 |
---------------+----------------+-----
Axes           | 3 4 5 6 7 |  7.3
Fighting       | |  3.6
Armour         | |  3.2
Shields        | |  3.2

Action                   |  1- 3 |  4- 6 || total
-------------------------+-------+-------++-------
Melee: War axe           |    76 |    95 ||   171
       Flail             |       |    13 ||    13
  Use: Potion            |       |     1 ||     1
  Eat: Chunk             |       |     4 ||     4
Armor: Scale mail        |    39 |    58 ||    97
Dodge: Dodged            |    38 |    21 ||    59
Block: Kite shield       |    51 |    61 ||   112

Table legend:
 A = Non-vault XP
 B = Vault XP
 C = Vault XP percentage of total XP
 D = Non-vault monster count
 E = Vault monster count
 F = Vault count percentage of total count
                 A         B        C        D         E       F
            +---------+---------+-------+---------+---------+-------
      Total |     123 |     113 |  47.9 |      45 |       5 |  10.0
            +---------+---------+-------+---------+---------+-------
        D:1 |      29 |       1 |   3.3 |      16 |       1 |   5.9
        D:2 |      53 |      76 |  58.9 |      20 |       3 |  13.0
        D:3 |      41 |      36 |  46.8 |       9 |       1 |  10.0
            +---------+---------+-------+---------+---------+-------
